 Dungeon Crawl Stone Soup version 0.31-b1-17-gcfd88c8481 (webtiles) character file.

Game seed: 6872500410901300167

1320 BaconRulez the Skirmisher (level 8, 0/40 HPs)
             Began as a Spriggan Hunter on Jan 15, 2024.
             Was a Follower of Dithmenos.
             Slain by Pikel
             ... wielding a +1 whip of flaming
              (8 damage)
             ... on level 5 of the Dungeon.
             The game lasted 00:15:36 (3455 turns).

BaconRulez the Skirmisher (Spriggan Hunter)         Turns: 3455, Time: 00:15:37

Health: 0/40       AC:  7    Str:  7      XL:     8   Next: 33%
Magic:  9/9        EV: 21    Int: 10 (11) God:    Dithmenos [*.....]
Gold:   205        SH:  0    Dex: 20      Spells: 7/7 levels left

rFire   . . .        a - +2 shortbow (heavy)
rCold   . . .        (shield currently unavailable)
rNeg    . . .        e - +2 robe
rPois   +            (helmet restricted)
rElec   .            n - +0 cloak
rCorr   +            (gloves unavailable)
SInv    +            (boots unavailable)
Will    +....        (no amulet)
Stlth   ++++         i - ring of resist corrosion
HPRegen 0.26/turn    (no ring)
MPRegen 0.11/turn

%: no passive effects
@: wreathed by umbra, very quick
A: very small, no large weapons, unfitting armour, see invisible, speed 3,
iridescent scales 1, poison resistance
a: Renounce Religion


You were on level 5 of the Dungeon.
You worshipped Dithmenos.
Dithmenos was aware of your devotion.
You visited 2 branches of the dungeon, and saw 6 of its levels.

You collected 205 gold pieces.

Inventory:

Hand Weapons
 a - a +2 heavy shortbow (weapon)
Missiles
 f - a throwing net (quivered)
Armour
 e - a +2 robe (worn)
 n - a +0 cloak (worn)
Jewellery
 g - an amulet of faith
 i - a ring of resist corrosion (left hand)
Wands
 d - a wand of flame (21)
 o - a wand of iceblast (3)
Scrolls
 b - a scroll of butterflies
 c - 2 scrolls of immolation
 h - a scroll of enchant armour {unknown}
 k - a scroll of poison {unknown}
 p - a scroll of identify
Potions
 j - a potion of might {unknown}
 l - a potion of attraction {unknown}
 m - a potion of cancellation {unknown}


   Skills:
 + Level 3.3 Fighting
 + Level 8.5 Ranged Weapons
 * Level 5.9 Dodging
 * Level 6.7 Stealth
 * Level 0.5 Invocations


You had 7 spell levels left.
You didn't know any spells.
Your spell library contained the following spells:

 Spells                   Type           Power      Damage    Failure   Level
 Sting                    Conj/Alch      0%         1d3       36%         1
 Blink                    Tloc           0%         N/A       50%         2
 Ensorcelled Hibernation  Hex/Ice        0%         N/A       50%         2
 Lesser Beckoning         Tloc           0%         N/A       50%         2
 Mercury Vapours          Alch/Air       0%         N/A       50%         2
 Momentum Strike          Conj/Tloc      0%         3d8       50%         2
 Passwall                 Erth           0%         N/A       75%         3
 Swiftness                Air            0%         N/A       75%         3
 Animate Dead             Necr           0%         N/A       98%         4
 Olgreb's Toxic Radiance  Alch           0%         N/A       98%         4
 Borgnjor's Vile Clutch   Necr/Erth      0%         N/A       100%        5
 Death Channel            Necr           0%         N/A       100%        6


Dungeon Overview and Level Annotations

Branches:
Dungeon (5/15)             Temple (1/1) D:4

Altars:
Cheibriados
Dithmenos
Elyvilon
Fedhas
Gozag
Hepliaklqana
Kikubaaqudgha
Makhleb
Nemelex Xobeh
Okawaru
Qazlal
Ru
Sif Muna
Trog
Uskayaw
Vehumet
Wu Jian
Xom
Yredelemnul
The Shining One

Shops:
D:2 *   D:3 *

Annotations:
D:2 1 runed translucent door, Crazy Yiuf
D:5 Pikel


Innate Abilities, Weirdness & Mutations

You are very small and have problems with some larger weapons.
You are too small for most types of armour.
You have supernaturally acute eyesight. (SInv)
You cover ground extremely quickly. (Speed+++)
You are partially covered in iridescent scales. (AC +2)
Your system is resistant to poisons. (rPois)


Message History

Pikel is moderately wounded.
Pikel barely misses you. x2
You shoot an arrow. The arrow hits Pikel.
Pikel is heavily wounded.
Pikel zaps a wand.
You resist with some effort.
You shoot an arrow.
The arrow hits Pikel but does no damage.
Pikel is heavily wounded.
Pikel zaps a wand.
Your mind is blasted!
Pikel misses you.
You shoot an arrow. The arrow barely misses Pikel.
The arrow hits the phantom.
The phantom is moderately damaged.
Pikel misses you.
You shoot an arrow. The arrow closely misses Pikel.
The arrow hits the phantom.
The phantom is moderately damaged.
Pikel hits you but does no damage.
Pikel hits you with a +1 whip of flaming.
Pikel burns you.
You shoot an arrow. The arrow hits Pikel.
Pikel is heavily wounded.
Pikel misses you.
You shoot an arrow. The arrow hits Pikel!
Pikel is almost dead.
Pikel completely misses you. Pikel barely misses you.
You shoot an arrow. The arrow closely misses Pikel.
The arrow hits the phantom!
The phantom is severely damaged.
Pikel hits you but does no damage.
You shoot an arrow. The arrow closely misses Pikel.
The arrow misses the phantom.
Pikel completely misses you. Pikel closely misses you.
You shoot an arrow.
The arrow hits Pikel but does no damage.
Pikel is almost dead.
Pikel zaps a wand.
Your mind is blasted!
* * * LOW HITPOINT WARNING * * *
You shoot an arrow. The arrow closely misses Pikel.
The arrow hits the phantom!
You destroy the phantom!
Dithmenos accepts your kill.
Pikel hits you with a +1 whip of flaming!
You die...
Pikel says, "Another soul for the market."

#############
##...........#
##..#########.#
......### ###.####
..###...###.....@#
### ###........#K#
. #.##.....#.# ..
######.....####.#
...
#...)..#..<...#.#
....
##.#######..##.#.#
..... ...#
##.###...#......
...# #..#
#...†...# ...#
#..# #.#...#.#


You could see Pikel.

Vanquished Creatures
  Grinder (D:4)
  Sigmund (D:2)
  Duvessa (D:4)
  An ogre (D:5)
  A centaur (D:3)
  2 phantoms
  Dowan (D:4)
  A howler monkey (D:5)
  A bombardier beetle (D:5)
  A hound (D:5)
  An orc priest (D:4)
  Jessica (D:2)
  3 iguanas (D:4)
  2 sleepcaps
  Natasha (thrice) (D:3)
  Ijyb (D:5)
  9 adders
  4 gnolls (D:4)
  3 ribbon worms
  3 dart slugs
  2 orcs (D:4)
  2 endoplasms (D:2)
  3 giant cockroaches
  5 goblins
  5 hobgoblins
  4 jackals (D:5)
  6 quokkas
  8 ball pythons
  5 bats (D:2)
  4 frilled lizards
  6 kobolds
  3 rats
94 creatures vanquished.

Vanquished Creatures (others)
  A shadow imp (D:5)
1 creature vanquished.

Grand Total: 95 creatures vanquished

Notes
Turn   | Place    | Note
-------+----------+-------------------------------------------
     0 | D:1      | BaconRulez the Spriggan Hunter began the quest for the Orb.
     0 | D:1      | Reached XP level 1. HP: 10/10 MP: 2/2
   357 | D:1      | Reached XP level 2. HP: 14/14 MP: 3/3
   853 | D:1      | Gained mutation: You are partially covered in iridescent
                  | scales. (AC +2) [potion of mutation]
   853 | D:1      | Gained mutation: Your system is resistant to poisons.
                  | (rPois) [potion of mutation]
   935 | D:2      | Noticed Sigmund
   940 | D:2      | Killed Sigmund
   941 | D:2      | Reached skill level 5 in Ranged Weapons
   941 | D:2      | Reached XP level 3. HP: 18/18 MP: 4/4
   941 | D:2      | Reached XP level 4. HP: 23/23 MP: 5/5
   941 | D:2      | Reached XP level 5. HP: 26/26 MP: 6/6
   943 | D:2      | Found Ziodei's General Store.
  1179 | D:2      | Noticed Jessica
  1180 | D:2      | Killed Jessica
  1280 | D:2      | Found a runed translucent door.
  1281 | D:2      | Noticed Crazy Yiuf
  1457 | D:3      | Found a snail-covered altar of Cheibriados.
  1460 | D:3      | Reached skill level 6 in Ranged Weapons
  1488 | D:3      | Found Amniur's General Store.
  1504 | D:3      | Reached XP level 6. HP: 30/30 MP: 7/7
  1862 | D:3      | Noticed Natasha
  1867 | D:3      | Killed Natasha
  2103 | D:3      | Noticed Natasha
  2108 | D:3      | Killed Natasha
  2211 | D:3      | Noticed Natasha
  2214 | D:3      | Killed Natasha
  2289 | D:4      | Noticed Grinder
  2296 | D:4      | Killed Grinder
  2297 | D:4      | Reached skill level 7 in Ranged Weapons
  2297 | D:4      | Reached skill level 5 in Stealth
  2297 | D:4      | Reached XP level 7. HP: 35/35 MP: 8/8
  2325 | D:4      | Reached skill level 5 in Dodging
  2325 | D:4      | Found a staircase to the Ecumenical Temple.
  2335 | Temple   | Entered the Ecumenical Temple
  2341 | Temple   | Became a worshipper of Dithmenos the Shadowed
  2402 | D:4      | Noticed Duvessa
  2402 | D:4      | Noticed Dowan
  2452 | D:4      | Killed Duvessa
  2468 | D:4      | Killed Dowan
  2645 | D:4      | Reached XP level 8. HP: 40/40 MP: 9/9
  2683 | D:4      | Reached skill level 8 in Ranged Weapons
  3211 | D:5      | Entered Level 5 of the Dungeon
  3322 | D:5      | Found a sacrificial altar of Ru.
  3323 | D:5      | Found a radiant altar of Vehumet.
  3427 | D:5      | Noticed Pikel
  3427 | D:5      | Noticed Ijyb
  3442 | D:5      | Killed Ijyb
  3442 | D:5      | Reached * piety under Dithmenos
  3455 | D:5      | Slain by Pikel

Illustrated notes

Levels and vault maps discovered:
D:1:      lightli_arrival_quake, layout_basic, minmay_tetromino_t2
D:2:      minmay_diamond_boxcup, layout_rooms, serial_shops, shop,
          wander_ebering_terrifying_dragon_lair, uniq_jessica,
          uniq_crazy_yiuf_cottage, uniq_sigmund
D:3:      layout_rooms, cheibriados_altar_1, serial_shops,
          nicolae_shop_tiny_waterfront, corexii_shack, uniq_natasha
D:4:      layout_basic, minmay_temple_entry_slanted, grunt_ministairs_6,
          uniq_duvessa, uniq_grinder
D:5:      layout_rooms, mainiacjoe_overflow_tiny_flanked,
          mainiacjoe_overflow_divided_tiny, minmay_crystal_room,
          minmay_starry_boxes, uniq_pikel, uniq_ijyb
Temple:   nicolae_temple_bog_church

Skill      XL: |  1  2  3  4  5  6  7  8 |
---------------+-------------------------+-----
Stealth        | 2 3 4 5 6 |  6.7
Fighting       | 2 3 |  3.3
Ranged Weapons | 5 6 7 8 |  8.5
Dodging        | 3 4 5 |  5.9
Invocations    | |  0.5

Action                     |  1- 3 |  4- 6 |  7- 9 || total
---------------------------+-------+-------+-------++-------
   Fire: Shortbow          |    37 |    90 |   109 ||   236
    Use: Scroll            |     8 |     1 |       ||     9
         Potion            |     3 |     2 |       ||     5
 Armour: Robe              |     1 |    18 |    20 ||    39
  Dodge: Dodged            |     6 |    24 |    39 ||    69
